 Dungeon Crawl Stone Soup version 0.28-a0-834-g1a73be5ee4 (webtiles) character file.

Game seed: 4176371355056806974

545 cheechan the Sneak (level 7, -1/47 HPs)
             Began as an Octopode Monk on Nov 11, 2021.
             Slain by a water moccasin zombie (8 damage)
             ... on level 7 of the Dungeon.
             The game lasted 00:21:27 (4391 turns).

cheechan the Sneak (Octopode Monk)                  Turns: 4391, Time: 00:21:29

Health: -1/47      AC:  1    Str: 10    XL:     7   Next: 27%
Magic:  16/16      EV: 16    Int: 10    God:
Gold:   185        SH:  0    Dex: 24    Spells: 6/6 levels left

rFire   . . .      SeeInvis .   r - +2 falchion (holy)
rCold   . . .      Faith    .   (no shield)
rNeg    + . .      Spirit   .   (helmet restricted)
rPois   +          Reflect  .   (no amulet)
rElec   .          Harm     .   i - ring of the Peasants {+Blink rPois rN+ Int-3 Dex+8}
rCorr   .          Rampage  .   o - ring of magical power
Will    .....                   (no ring)
Stlth   +++++.....              (no ring)
HPRegen 0.15/turn               (no ring)
MPRegen 0.15/turn               (no ring)
                                (no ring)
                                (no ring)

@: no status effects
A: almost no armour, amphibious, 8 rings, camouflage 1, gelatinous body 1,
(nimble swimmer 1), tentacles
a: Evoke Blink


You were on level 7 of the Dungeon.
You visited 1 branch of the dungeon, and saw 7 of its levels.

You collected 185 gold pieces.

Inventory:

Hand Weapons
 a - a +0 vorpal short sword
 b - a +2 spear of freezing
 j - a +4 hand axe
 k - a +0 hunting sling
 n - a +4 quarterstaff of chaos
 p - a +1 dagger of holy wrath
 q - a +0 dagger of flaming
 r - a +2 falchion of holy wrath (weapon)
Missiles
 c - 27 sling bullets
 d - 21 bolts
 e - 2 boomerangs (quivered)
 h - 3 javelins
 s - 21 arrows
Jewellery
 i - the ring of the Peasants (left tentacle) {+Blink rPois rN+ Int-3 Dex+8}
   (You acquired it on level 2 of the Dungeon)

   [ring of positive energy]

   Int:       It affects your intelligence (-3).
   Dex:       It affects your dexterity (+8).
   rPois:     It protects you from poison.
   rN:        It protects you from negative energy.
   +Blink:    It lets you blink.
 o - a ring of magical power (right tentacle)
Scrolls
 t - a scroll of amnesia
Potions
 f - a potion of flight
 g - 3 potions of attraction
 l - a potion of brilliance {unknown}
 u - a potion of invisibility {unknown}
 v - a potion of lignification {unknown}


   Skills:
 + Level 3.8 Fighting
 + Level 4.0 Short Blades
 + Level 1.6(2.0) Axes
 + Level 1.5(2.0) Polearms
 + Level 0.3(1.0) Staves
 + Level 3.5 Throwing
 + Level 3.8 Dodging
 + Level 5.9 Stealth


You had 6 spell levels left.
You didn't know any spells.
Your spell library was empty.

Dungeon Overview and Level Annotations

Branches:
Dungeon (8/15)
 Temple: D:4-7         Lair: D:8-11

Altars:

Annotations:
D:4 2 transporters, a11behringer's ghost, novice PaBe


Innate Abilities, Weirdness & Mutations

You cannot wear most types of armour.
You are amphibious.
You can wear up to eight rings at the same time.
Your skin changes colour to match your surroundings (Stealth+).
Your rubbery body absorbs attacks. (AC +1, EV +1)
((You are camouflaged near water. (Stealth+)))
You have tentacles for arms and can constrict up to eight enemies at once.


Message History

A howler monkey skeleton comes into view.
Found a potion of haste.
The hornet zombie barely misses you.
You hit the hornet zombie.
The hornet zombie convulses!
Your grab misses the hornet zombie. Your squeeze misses the hornet zombie.
The hornet zombie is moderately damaged.
The water moccasin zombie bites you. The hornet zombie hits you.
The water moccasin zombie bites you.
You hit the hornet zombie.
The hornet zombie convulses.
You grab the hornet zombie.
The hornet zombie is heavily damaged.
You constrict the hornet zombie, but do no damage.
The hornet zombie barely misses you. The hornet zombie misses you.
The water moccasin zombie barely misses you.
You barely miss the hornet zombie. Your squeeze misses the hornet zombie.
The hornet zombie is heavily damaged.
You constrict the hornet zombie, but do no damage.
The hornet zombie hits you but does no damage.
The water moccasin zombie barely misses you.
The hornet zombie hits you.
You barely miss the hornet zombie.
The hornet zombie is heavily damaged.
You constrict the hornet zombie, but do no damage.
The water moccasin zombie bites you! The hornet zombie hits you!
The water moccasin zombie closely misses you.
You slash the hornet zombie!
The hornet zombie convulses.
You squeeze the hornet zombie, but do no damage.
The hornet zombie is severely damaged.
You constrict the hornet zombie. The hornet zombie closely misses you.
The water moccasin zombie bites you.
* * * LOW HITPOINT WARNING * * *
The hornet zombie misses you.
Okay, then.
It was a potion of curing.
You feel better.
You constrict the hornet zombie, but do no damage.
The wyvern skeleton bites you. The water moccasin zombie misses you.
The howler monkey skeleton closely misses you.
The hornet zombie closely misses you. The wyvern skeleton bites you!
* * * LOW HITPOINT WARNING * * *
The water moccasin zombie bites you!
You die...

#.................
#...###..#.....###
#........##..###
#...####.###.#
#.......... ...
##......#####+##
#.....##
#..Z.##.##
#Z@Z.8..$#
#..Z....$#
.........$#
.....!..8..$#
..........##.##
##......... ##
#.....!....
#........!..


You could see a water moccasin zombie, a hornet zombie, a wyvern skeleton and a
howler monkey skeleton.

Vanquished Creatures
  A scorpion (D:4)
  A hound (D:4)
  An orc priest (D:3)
  Crazy Yiuf (D:4)
  A centaur skeleton (D:7)
  Terence (D:2)
  2 orc wizards (D:3)
  Robin (D:4)
  7 adders
  9 gnolls
  An ufetubus (D:4)
  3 worms
  A dart slug (D:4)
  13 orcs
  6 ball pythons
  3 bats
  8 endoplasms
  7 giant cockroaches
  13 goblins
  6 hobgoblins
  7 jackals
  4 quokkas
  4 frilled lizards
  3 kobolds (D:1)
  4 rats
108 creatures vanquished.

Vanquished Creatures (others)
  A plant (D:1)
1 creature vanquished.

Grand Total: 109 creatures vanquished

Notes
Turn   | Place    | Note
-------+----------+-------------------------------------------
     0 | D:1      | cheechan the Octopode Monk began the quest for the Orb.
     0 | D:1      | Reached XP level 1. HP: 16/16 MP: 1/1
   303 | D:1      | Reached XP level 2. HP: 15/21 MP: 2/2
   394 | D:1      | Reached skill level 3 in Stealth
   796 | D:1      | Reached XP level 3. HP: 26/26 MP: 3/3
  1030 | D:1      | Found a faded altar of an unknown god.
  1389 | D:2      | Noticed Terence
  1475 | D:2      | Killed Terence
  1476 | D:2      | Reached skill level 4 in Stealth
  1476 | D:2      | Reached XP level 4. HP: 15/31 MP: 4/4
  1799 | D:2      | Identified a scroll of acquirement
  1799 | D:2      | Acquired the ring of the Peasants {+Blink rPois rN+ Int-3
                  | Dex+8}
  2071 | D:3      | Reached skill level 1 in Throwing
  2082 | D:3      | Reached XP level 5. HP: 6/36 MP: 5/5
  2821 | D:3      | Reached skill level 5 in Stealth
  2828 | D:3      | Reached XP level 6. HP: 29/42 MP: 6/6
  2983 | D:3      | Reached skill level 1 in Polearms
  3518 | D:4      | Found a transporter.
  3519 | D:4      | Noticed a11behringer's ghost (novice PaBe)
  3520 | D:4      | Found a transporter.
  3587 | D:4      | Reached skill level 1 in Axes
  3989 | D:4      | Found a runed translucent door.
  3990 | D:4      | Noticed Crazy Yiuf
  3999 | D:4      | Killed Crazy Yiuf
  4047 | D:4      | Reached XP level 7. HP: 41/47 MP: 7/7
  4115 | D:4      | Noticed Robin
  4125 | D:4      | Killed Robin
  4341 | D:5      | Entered Level 5 of the Dungeon
  4350 | D:5      | You fall into a shaft and drop 3 floors!
  4391 | D:7      | Slain by a water moccasin zombie

Illustrated notes

Levels and vault maps discovered:
D:1:      dpeg_arrival_erosion, layout_basic,
          dreamdust_ecumenical_altar_hidden_monk_grotto,
          chequers_serial_rivers_room_b
D:2:      layout_rooms, uniq_terence
D:3:      layout_basic, wad_floor_pattern_untrapped, uniq_natasha
D:4:      layout_loops_ring, gammafunk_ghost_smash, uniq_crazy_yiuf_cottage,
          uniq_robin
D:5:      layout_basic, temple_fountains, uniq_duvessa, uniq_pikel
D:7:      layout_basic, ashenzari_altar_1, jmf_multi_god_temple
D:8:      layout_basic, mainiacjoe_overflow_brackets,
          grunt_lair_entry_orc_guard_hut, serial_shops,
          nicolae_shop_temple_entry_statues_fountains, glass_columns_a

Skill      XL: |  1  2  3  4  5  6 |
---------------+-------------------+-----
Stealth        | 3 4 5 |  5.9
Throwing       | 1 2 3 |  3.5
Short Blades   | 4 |  4.0
Polearms       | 1 |  1.5
Axes           | 1 |  1.6
Fighting       | |  3.8
Staves         | |  0.3
Dodging        | |  3.8

Action                   |  1- 3 |  4- 6 |  7- 9 || total
-------------------------+-------+-------+-------++-------
Melee: Short sword       |    72 |    14 |       ||    86
       Tentacles         |     6 |    21 |     6 ||    33
       Constrict         |    14 |    23 |     7 ||    44
       Unarmed           |     1 |       |       ||     1
       Spear             |       |    26 |       ||    26
       Hand axe          |       |    27 |       ||    27
       Quarterstaff      |       |     2 |    19 ||    21
       Falchion          |       |       |     5 ||     5
Throw: Boomerang         |    14 |    74 |     6 ||    94
       Javelin           |       |     3 |       ||     3
  Use: Scroll            |     5 |     6 |       ||    11
       Potion            |       |     1 |     1 ||     2
 Stab: Sleeping          |    15 |     9 |     1 ||    25
Armor: Skin              |     9 |     1 |     2 ||    12
Dodge: Dodged            |    29 |    43 |    28 ||   100

Table legend: (Time is in decaauts)
 A = Elapsed time spent in this place.
 B = Non-inter-level travel time spent in this place.
 C = Inter-level travel time spent in this place.
 D = Time resting spent in this place.
 E = Time spent auto-exploring this place.
 F = Levels seen in this place.
 G = Mean time per level.
                   A        B        C        D        E       F      G
               +--------+--------+--------+--------+--------+-----+--------+
         Total |   4386 |   4386 |      0 |    676 |      0 |   7 |  626.6 |
       Dungeon |   4386 |   4386 |      0 |    676 |      0 |   7 |  626.6 |
               +--------+--------+--------+--------+--------+-----+--------+

Top non-repeatable levels by time:
     D:3: 1330 daAuts
     D:1: 1096 daAuts
     D:4: 1088 daAuts
     D:2: 820 daAuts
     D:7: 30 daAuts
     D:8: 10 daAuts
     D:5: 8 daAuts
